 Dungeon Crawl Stone Soup version 0.30-b1-2-g02819fbbbe (webtiles) character file.

Game seed: 17263183925194544773

128 Alarkh the Shooter (level 4, -3/33 HPs)
             Began as a Demonspawn Hunter on July 7, 2023.
             Slain by a skyshark (glowing shapeshifter) (11 damage)
             ... on level 4 of the Dungeon.
             The game lasted 00:02:23 (2591 turns).

Alarkh the Shooter (Demonspawn Hunter)              Turns: 2591, Time: 00:02:24

Health: -3/33      AC:  5    Str: 12    XL:     4   Next: 87%
Magic:  4/4        EV: 11    Int: 12    God:
Gold:   188        SH:  0    Dex: 16    Spells: 3/3 levels left

rFire   + . .        b - +5 trident of the Thirteen Wonders {chaos, rElec rF+}
rCold   . . .        (no shield)
rNeg    . . .        c - +0 leather armour
rPois   .            (no helmet)
rElec   +            (no cloak)
rCorr   .            (no gloves)
SInv    .            (no boots)
Will    .....        (no amulet)
Stlth   +            (no ring)
HPRegen 0.25/turn    (no ring)
MPRegen 0.09/turn

%: no passive effects
@: no status effects
A: molten scales 1, demonic magic 2
a: no special abilities


You were on level 4 of the Dungeon.
You visited 1 branch of the dungeon, and saw 4 of its levels.

You collected 298 gold pieces.
You spent 110 gold pieces at shops.

Inventory:

Hand Weapons
 a - a +0 shortbow
 b - the +5 trident of the Thirteen Wonders (weapon) {chaos, rElec rF+}
   (You found it on level 2 of the Dungeon)

   rF:        It protects you from fire.
   rElec:     It insulates you from electricity.
Armour
 c - a +0 leather armour (worn)
Magical Staves
 r - a staff of air
Jewellery
 s - a +4 ring of protection
 v - a ring of protection from fire
Scrolls
 e - 2 scrolls of teleportation {unknown}
 h - a scroll of silence {unknown}
 k - a scroll of blinking {unknown}
 m - 4 scrolls of vulnerability {unknown}
 p - a scroll of immolation
 q - 2 scrolls of identify {unknown}
 t - a scroll of enchant weapon {unknown}
 w - a scroll of enchant armour {unknown}
 x - a scroll of fog {unknown}
Potions
 d - a potion of attraction {unknown}
 f - 8 potions of curing
 g - 3 potions of might {unknown}
 i - 2 potions of heal wounds
 j - a potion of degeneration {unknown}
 l - 3 potions of magic {unknown}
 n - a potion of brilliance {unknown}
 o - a potion of lignification {unknown}
 u - a potion of haste {unknown}


   Skills:
 - Level 2.0 Fighting
 + Level 5.7 Ranged Weapons
 - Level 1.7 Dodging
 - Level 0.8 Stealth


You had 3 spell levels left.
You didn't know any spells.
Your spell library contained the following spells:

 Spells                   Type           Power      Damage    Failure   Level
 Cigotuvi's Dreadful Rot  Necr/Pois/Air  0%         N/A       54%         2
 Ignite Poison            Fire/Tmut/Pois 0%         N/A       77%         3
 Cause Fear               Hex            0%         N/A       99%         4
 Freezing Cloud           Conj/Ice/Air   0%         6-21      100%        5
 Dragon Form              Tmut           0%         N/A       100%        7
 Dragon's Call            Summ           0%         N/A       100%        9


Dungeon Overview and Level Annotations

Branches:
Dungeon (4/15)
 Temple: D:4-7

Altars:
Qazlal

Shops:
D:1 ::!


Innate Abilities, Weirdness & Mutations

You are partially covered in molten scales. (AC +2)
Spells you cast may paralyse nearby enemies.


Message History

An endoplasm is nearby!
Found a robe.
Found a stone staircase leading down.
You reach to attack!
The helpless endoplasm fails to defend itself.
You hit the endoplasm.
The endoplasm changes into a glowing shapeshifter!
The glowing shapeshifter changes into a torpor snail!
You reach to attack!
You hit the torpor snail. You freeze the torpor snail.
The torpor snail is lightly wounded.
The torpor snail changes into a deep troll!
You reach to attack!
You puncture the deep troll!
The deep troll looks as sick as possible!
The deep troll is lightly wounded.
The deep troll changes into a dream sheep!
You reach to attack!
You hit the dream sheep. You burn the dream sheep.
The dream sheep is moderately wounded.
You barely miss the dream sheep.
The dream sheep is moderately wounded.
The dream sheep changes into a swamp dragon!
You hit the swamp dragon. You freeze the swamp dragon.
The swamp dragon is lightly wounded.
The swamp dragon bites you. The swamp dragon claws you.
The swamp dragon tramples you.
You stumble backwards!
You hit the swamp dragon. You burn the swamp dragon.
The swamp dragon is lightly wounded.
The swamp dragon changes into a skyshark!
You hit the skyshark.
The skyshark is lightly wounded.
The skyshark bites you!
* * * LOW HITPOINT WARNING * * *
The skyshark tastes blood and grows stronger!
The skyshark barely misses you. x2
You are too injured to fight recklessly!
You are too injured to fight recklessly!
You are too injured to fight recklessly!
A skyshark is nearby!
You puncture the skyshark! You drain the skyshark.
The skyshark is moderately wounded.
The skyshark bites you!
You die...

.## ... ..## ..# ..
...### ..# #..
#....# #.# #..
....# #.# #.# ...##
#.# #.# ####
##.###.# #
######.....# #
##.....###@.# ###
##...#### #.l# ..##
#..### ##.....[..
...###..##
#...$....
....##...#
#........
...####..##
......... .###
##..####....#######
.# #..........# ##
##.........>#


You could see a skyshark shaped shifter (strong, drained).

Vanquished Creatures
  An orc wizard (D:3)
  3 adders
  2 worms (D:2)
  5 orcs (D:3)
  6 bats
  5 endoplasms
  5 giant cockroaches
  4 goblins
  9 hobgoblins
  3 quokkas
  A ball python (D:3)
  4 frilled lizards
  6 kobolds
  8 rats
62 creatures vanquished.

Notes
Turn   | Place    | Note
-------+----------+-------------------------------------------
     0 | D:1      | Alarkh the Demonspawn Hunter began the quest for the Orb.
     0 | D:1      | Reached XP level 1. HP: 16/16 MP: 1/1
   173 | D:1      | Found Lyelo's Book Shoppe.
   176 | D:1      | Reached skill level 4 in Ranged Weapons
   217 | D:1      | Gained mutation: Spells you cast may paralyse adjacent
                  | enemies. [demonic ancestry]
   217 | D:1      | Reached XP level 2. HP: 22/22 MP: 2/2
   376 | D:1      | Found Wanuniu's Distillery.
   382 | D:1      | Bought 2 potions of curing for 60 gold pieces
   382 | D:1      | Bought a potion of heal wounds for 50 gold pieces
   580 | D:1      | Found Ilorrex's Book Shoppe.
   738 | D:2      | Gained mutation: Spells you cast may paralyse nearby
                  | enemies. [demonic ancestry]
   738 | D:2      | Reached XP level 3. HP: 27/27 MP: 3/3
   782 | D:2      | Found a faded altar of an unknown god.
  1062 | D:2      | Identified the +5 trident of the Thirteen Wonders {chaos,
                  | rElec rF+}
  1099 | D:2      | Reached skill level 5 in Ranged Weapons
  1458 | D:3      | Gained mutation: You are partially covered in molten
                  | scales. (AC +2) [demonic ancestry]
  1458 | D:3      | Reached XP level 4. HP: 33/33 MP: 4/4
  2406 | D:4      | Found a stormy altar of Qazlal.
  2583 | D:4      | an endoplasm changed into a glowing shapeshifter
  2583 | D:4      | Noticed a glowing shapeshifter (glowing shapeshifter)
  2583 | D:4      | a glowing shapeshifter changed into a torpor snail
  2583 | D:4      | Noticed a torpor snail (glowing shapeshifter)
  2584 | D:4      | a torpor snail changed into a deep troll
  2584 | D:4      | Noticed a deep troll (glowing shapeshifter)
  2585 | D:4      | a deep troll changed into a dream sheep
  2585 | D:4      | Noticed a dream sheep (glowing shapeshifter)
  2587 | D:4      | a dream sheep changed into a swamp dragon
  2587 | D:4      | Noticed a swamp dragon (glowing shapeshifter)
  2589 | D:4      | a swamp dragon changed into a skyshark
  2589 | D:4      | Noticed a skyshark (glowing shapeshifter)
  2591 | D:4      | Slain by a skyshark (glowing shapeshifter)

Illustrated notes

Levels and vault maps discovered:
D:1:      dpeg_arrival_oval, layout_basic, serial_shops, shop_coins,
          nicolae_shop_advertising_works [nicolae_subvault_shop_adworks],
          nicolae_shop_crystal, hangedman_decor_push
D:2:      layout_basic, ebering_ecumenical_altar_box
D:3:      layout_loops_corners, elyvilon_altar_3, minivault_24, minivault_11,
          st_stairs_6
D:4:      layout_layer_cave, nicolae_qazlal_eye_of_the_storm

Skill      XL: |  1  2  3 |
---------------+----------+-----
Ranged Weapons | 4 5 |  5.7
Fighting       | |  2.0
Dodging        | |  1.7
Stealth        | |  0.8

Action                     |  1- 3 |  4- 6 || total
---------------------------+-------+-------++-------
  Melee: Trident           |    18 |    47 ||    65
   Fire: Shortbow          |    82 |       ||    82
    Use: Potion            |     2 |       ||     2
   Stab: Distracted        |     1 |       ||     1
         Sleeping          |       |     1 ||     1
 Armour: Leather armour    |     9 |     7 ||    16
  Dodge: Dodged            |    31 |    13 ||    44
